Map: Abyssal Reef LE

Players

Stephano

  • Race: Zerg Zerg
  • League: Grandmaster
  • Spawn Location: 5:00

Harstem - Winner!

  • Race: Protoss Protoss
  • League: Master
  • Spawn Location: 11:00

Event: HomeStory Cup XVI

VOD

Have the link to the VOD?

Description

Time

  • Played on: Nov. 9, 2017, 11:17 a.m.
  • Length: 12:38

All games in this series

Show
View Real Time Build Order
Export as new Build Order

Stephano Zerg 

Build Orders: Hatch First 

Get SALT Encoding   

  12  0:01  Drone  
  13  0:13  Overlord  
  13  0:17  Drone  
  14  0:31  Drone  
  15  0:46  Hatchery  
  15  0:49  Drone  
  15  0:52  Drone  
  15  0:56  Drone  
  17  1:00  Drone  
  18  1:10  Extractor  
  17  1:16  Spawning Pool  
  16  1:19  Drone  
  16  1:22  Drone  
  18  1:32  Drone  
  19  1:43  Drone  
  20  1:53  Drone  
  21  1:57  Drone  
  22  2:03  Queen  
  22  2:04  Queen  
  26  2:14  Hatchery  
  25  2:19  Overlord  
  25  2:22  Drone  
  26  2:25  Drone  
  26  2:27  Drone  
  28  2:32  Metabolic Boost  
  28  2:40  Overlord  
  28  2:41  Drone  
  29  2:48  Queen  
  31  2:53  Drone  
  31  2:54  Zergling x4  
  31  2:57  Drone  
  35  3:02  Overlord  
  35  3:04  Drone  
  36  3:09  Drone  
  37  3:15  Drone x3  
  37  3:16  Drone x2  
  37  3:19  Spore Crawler  
  41  3:20  Drone  
  41  3:24  Spore Crawler  
  41  3:26  Drone  
  42  3:31  Queen  
  44  3:38  Drone  
  44  3:40  Drone x2  
  45  3:45  Drone  
  45  3:46  Drone  
  45  3:47  Drone x2  
  48  3:49  Zergling x2  
  48  3:51  Drone  
  48  3:52  Drone  
  48  3:54  Drone  
  52  3:59  Overlord  
  52  4:00  Drone  
  51  4:04  Evolution Chamber  
  51  4:06  Zergling x6  
  51  4:08  Drone  
  54  4:10  Drone  
  55  4:17  Queen  
  55  4:19  Drone x2  
  55  4:20  Spore Crawler  
  55  4:22  Drone  
  55  4:23  Drone  
  60  4:25  Drone  
  62  4:31  Drone  
  62  4:35  Drone  
  61  4:40  Drone x2  
  61  4:41  Drone x2, Zerg Melee Weapons Level 1  
  61  4:44  Lair  
  65  4:45  Overlord  
  65  4:55  Extractor, Overlord  
  65  4:56  Extractor  
  65  4:58  Extractor, Baneling Nest  
  62  5:00  Drone x4  
  62  5:04  Extractor, Drone  
  62  5:05  Drone x2  
  67  5:10  Drone x2  
  67  5:14  Queen  
  69  5:21  Overlord, Zergling x2  
  71  5:22  Zergling x8  
  71  5:26  Extractor, Drone x3  
  78  5:31  Drone  
  79  5:41  Overlord  
  79  5:43  Drone  
  79  5:45  Drone  
  79  5:47  Overlord  
  79  5:48  Hydralisk Den  
  80  5:50  Drone x2  
  80  5:52  Centrifical Hooks  
  80  5:54  Drone  
  80  5:55  Overlord, Drone x3  
  80  5:56  Hatchery  
  85  6:02  Drone x2  
  85  6:03  Zergling x10  
  92  6:05  Zergling x2  
  95  6:13  Overlord x2  
  95  6:15  Baneling x4  
  95  6:16  Baneling  
  93  6:22  Drone  
  93  6:24  Muscular Augments, Hydralisk x2  
  98  6:29  Hydralisk x2  
  98  6:30  Hydralisk  
  104  6:34  Hydralisk x2  
  104  6:39  Baneling  
  108  6:40  Hydralisk  
  108  6:41  Hydralisk  
  112  6:48  Zerg Missile Weapons Level 1, Evolution Chamber, Zergling x4  
  112  6:50  Zergling x4  
  112  6:51  Zergling x2  
  116  6:55  Zergling x2  
  116  6:56  Zergling x10  
  122  7:03  Zergling x2  
  122  7:04  Zergling x10  
  127  7:10  Baneling x9  
  127  7:14  Overlord x2  
  127  7:19  Spine Crawler  
  127  7:21  Overlord  
  125  7:26  Overlord  
  125  7:29  Zerg Melee Weapons Level 2  
  124  7:30  Overlord  
  124  7:31  Baneling  
  124  7:32  Baneling x5  
  124  7:33  Hydralisk x2  
  124  7:34  Hydralisk  
  124  7:36  Hydralisk  
  130  7:38  Hydralisk  
  134  7:47  Hydralisk x3  
  139  7:52  Hydralisk  
  139  7:53  Hydralisk x2  
  145  8:02  Overlord  
  145  8:05  Infestation Pit, Drone x6  
  150  8:18  Zergling x6  
  150  8:19  Zergling x16  
  161  8:21  Extractor  
  158  8:31  Overlord  
  158  8:33  Drone x6  
  160  8:36  Drone x4  
  160  8:38  Extractor  
  160  8:39  Drone  
  164  8:45  Hive  
  164  8:47  Spire  
  163  8:48  Zerg Missile Weapons Level 2  
  163  8:53  Baneling x2  
  163  8:57  Hydralisk x3  
  169  9:05  Overlord  
  168  9:10  Overlord x2  
  168  9:11  Overlord  
  167  9:26  Drone x3  
  167  9:30  Drone x4  
  167  9:31  Drone  
  171  9:33  Pathogen Glands  
  171  9:37  Spine Crawler  
  171  9:38  Spine Crawler  
  169  9:39  Hatchery  
  169  9:41  Spine Crawler  
  169  9:42  Spine Crawler x2  
  165  9:52  Hydralisk x9  
  166  9:55  Burrow  
  166  9:59  Infestor  
  182  10:00  Infestor x3  
  182  10:01  Zergling x2  
  192  10:07  Zergling x12  
  192  10:13  Spire  
  180  10:32  Hatchery  
  159  10:37  Baneling x5  
  133  10:44  Infestor x3  
  129  11:03  Zergling x2  
  129  11:04  Zergling x16  
  121  11:06  Infestation Pit  
  113  11:22  Hydralisk x5  
  106  11:53  Hydralisk x5  
  93  12:02  Zergling x8  
  91  12:19  Drone x2  
  91  12:20  Drone, Hatchery  
  83  12:30  Extractor x2  
Show
View Real Time Build Order
Export as new Build Order

Harstem Protoss - Winner!

Build Orders: 1 Gate Expand, Oracle Opening 

Get SALT Encoding   

  12  0:02  Probe (Chrono Boost)  
  14  0:14  Probe (Chrono Boost)  
  14  0:19  Pylon  
  14  0:26  Probe (Chrono Boost)  
  15  0:28  Assimilator  
  15  0:33  Probe (Chrono Boost)  
  15  0:40  Probe (Chrono Boost)  
  16  0:47  Gateway  
  17  0:53  Probe (Chrono Boost)  
  18  1:00  Probe (Chrono Boost)  
  19  1:07  Probe (Chrono Boost)  
  20  1:27  Nexus  
  20  1:36  Cybernetics Core  
  20  1:42  Probe (Chrono Boost)  
  20  1:46  Assimilator  
  22  1:54  Probe (Chrono Boost)  
  22  1:56  Pylon  
  22  2:06  Stalker, Probe (Chrono Boost)  
  23  2:14  Stargate  
  23  2:22  Probe (Chrono Boost)  
  26  2:24  Warp Gate  
  26  2:34  Probe (Chrono Boost)  
  26  2:37  Adept  
  29  2:41  Probe (Chrono Boost)  
  30  2:46  Probe (Chrono Boost)  
  30  2:50  Oracle  
  31  2:54  Probe (Chrono Boost)  
  31  2:58  Probe (Chrono Boost)  
  37  3:06  Probe (Chrono Boost)  
  37  3:10  Gateway, Probe (Chrono Boost)  
  38  3:17  Oracle  
  38  3:18  Probe (Chrono Boost)  
  39  3:22  Probe (Chrono Boost)  
  39  3:25  Pylon  
  40  3:30  Probe (Chrono Boost)  
  45  3:34  Probe (Chrono Boost)  
  46  3:42  Probe (Chrono Boost)  
  46  3:46  Probe (Chrono Boost)  
  46  3:47  Gateway  
  47  3:49  Adept  
  47  3:53  Probe (Chrono Boost)  
  50  3:58  Probe (Chrono Boost)  
  50  3:59  Probe (Chrono Boost)  
  51  4:08  Probe (Chrono Boost)  
  53  4:10  Probe (Chrono Boost)  
  53  4:14  Nexus  
  54  4:17  Pylon  
  54  4:24  Pylon  
  54  4:26  Assimilator  
  54  4:28  Assimilator  
  54  4:30  Pylon  
  54  4:35  Probe (Chrono Boost)  
  54  4:37  Probe (Chrono Boost)  
  56  4:41  Probe (Chrono Boost)  
  57  4:46  Shield Battery  
  57  4:49  Probe (Chrono Boost)  
  57  4:51  Probe (Chrono Boost)  
  59  4:53  Forge, Twilight Council  
  59  4:55  Sentry x2  
  59  4:59  Pylon  
  64  5:01  Probe (Chrono Boost), Pylon  
  64  5:03  Probe (Chrono Boost)  
  64  5:07  Sentry  
  67  5:09  Pylon  
  67  5:13  Probe (Chrono Boost)  
  69  5:14  Pylon  
  69  5:15  Probe (Chrono Boost)  
  69  5:18  Blink, Protoss Ground Weapons Level 1  
  69  5:19  Gateway  
  69  5:22  Robotics Facility  
  69  5:27  Probe (Chrono Boost)  
  70  5:30  Probe x2 (Chrono Boost)  
  72  5:39  Probe (Chrono Boost)  
  75  5:42  Probe (Chrono Boost)  
  75  5:43  Probe (Chrono Boost)  
  75  5:44  Sentry x2  
  75  5:48  Gateway  
  79  5:51  Probe x3 (Chrono Boost)  
  79  5:53  Gateway  
  82  5:57  Probe (Chrono Boost)  
  82  6:00  Warp Prism  
  82  6:01  Sentry  
  82  6:03  Assimilator  
  87  6:07  Assimilator  
  87  6:08  Gateway  
  87  6:09  Gateway  
  87  6:15  Probe (Chrono Boost)  
  87  6:16  Sentry x2  
  87  6:17  Probe (Chrono Boost)  
  94  6:19  Probe (Chrono Boost)  
  94  6:21  Photon Cannon  
  94  6:22  Sentry  
  97  6:27  Probe (Chrono Boost)  
  97  6:29  Observer, Probe (Chrono Boost)  
  97  6:31  Shield Battery, Probe (Chrono Boost)  
  97  6:32  Zealot  
  101  6:39  Probe (Chrono Boost)  
  103  6:40  Gateway  
  103  6:42  Probe (Chrono Boost), Pylon  
  104  6:53  Protoss Ground Weapons Level 2  
  104  6:54  Stalker x4  
  104  6:55  Stalker x2  
  104  6:57  Pylon  
  104  7:00  Pylon  
  116  7:14  Probe (Chrono Boost), Pylon  
  116  7:15  Stalker x2  
  121  7:19  Stalker x3  
  121  7:20  Observer  
  127  7:23  Stalker, Observer  
  127  7:29  Robotics Bay  
  129  7:35  Stalker x2  
  134  7:38  Probe (Chrono Boost), Pylon  
  134  7:49  Observer  
  134  7:55  Stalker x3  
  140  8:01  Nexus  
  140  8:02  Pylon  
  140  8:03  Stalker, Zealot  
  140  8:04  Pylon  
  140  8:05  Pylon  
  144  8:11  Colossus  
  144  8:12  Charge  
  144  8:15  Zealot  
  144  8:16  Stalker x2, Probe (Chrono Boost)  
  151  8:23  Extended Thermal Lance  
  152  8:27  Probe (Chrono Boost)  
  152  8:30  Probe (Chrono Boost)  
  157  8:35  Zealot x3  
  157  8:38  Shield Battery  
  157  8:41  Shield Battery, Probe (Chrono Boost)  
  164  8:51  Colossus  
  164  8:54  Probe (Chrono Boost)  
  164  8:55  Photon Cannon  
  166  8:56  Probe (Chrono Boost)  
  166  9:00  Photon Cannon  
  166  9:04  Assimilator, Templar Archives  
  172  9:12  Assimilator  
  172  9:19  Probe (Chrono Boost)  
  172  9:22  Protoss Ground Weapons Level 3  
  173  9:28  Colossus  
  173  9:31  Probe (Chrono Boost)  
  174  9:33  Zealot x4  
  174  9:34  Stalker x4  
  174  9:37  Pylon  
  196  10:02  Colossus  
  196  10:07  Zealot x2  
  200  10:21  Zealot x6  
  176  10:31  Zealot x2, Shield Battery  
  176  10:32  Shield Battery  
  164  10:36  Probe x2 (Chrono Boost)  
  164  10:39  Zealot  
  150  10:46  Stalker x6  
  147  10:57  Zealot x2  
  137  11:05  Zealot  
  137  11:08  Probe (Chrono Boost)  
  137  11:09  Zealot x4  
  132  11:17  Probe (Chrono Boost)  
  132  11:20  Probe (Chrono Boost)  
  129  11:29  Stalker x3  
  129  11:30  Stalker  
  125  11:33  Nexus  
  115  11:59  High Templar x3  
  115  12:00  High Templar x3  
  123  12:04  Archon x2  
  123  12:05  Archon  
  123  12:23  High Templar x2  
  123  12:29  Archon  
Tags
 
Add a new tag
Caveats
  • Supply blocks, unpowered buildings, or Contaminate may cause inaccurate times.
  • Supply counts are checked every 10 seconds.